 Dungeon Crawl Stone Soup version 0.31-a0-702-gf82c85558f (webtiles) character file.

Game seed: 10444190012487511737

9 Essalna the Conjurer (level 2, 17/19 HPs)
             Began as a Demonspawn Conjurer on Sept 8, 2023.
             Got out of the dungeon alive.
             The game lasted 00:00:36 (517 turns).

Essalna the Conjurer (Demonspawn Conjurer)           Turns: 517, Time: 00:00:37

Health: 17/19      AC:  2    Str:  7    XL:     2   Next: 3%
Magic:  2/5        EV: 12    Int: 19    God:
Gold:   0          SH:  0    Dex: 11    Spells: 4/5 levels left

rFire   . . .        (no weapon)
rCold   . . .        (no shield)
rNeg    . . .        a - +0 robe
rPois   .            (helmet restricted)
rElec   .            (no cloak)
rCorr   .            (no gloves)
SInv    .            (no boots)
Will    .....        (no amulet)
Stlth   ++           (no ring)
HPRegen 0.23/turn    (no ring)
MPRegen 0.09/turn

%: no passive effects
@: no status effects
A: antennae 1
a: no special abilities


You escaped.
You visited 1 branch of the dungeon, and saw 1 of its levels.

Inventory:

Armour
 a - a +0 robe (worn)
Potions
 b - a potion of magic
 c - a potion of berserk rage {unknown}


   Skills:
 - Level 1.7 Dodging
 - Level 1.7 Stealth
 + Level 2.3 Spellcasting
 + Level 4.2 Conjurations


You had 4 spell levels left.
You knew the following spells:

 Your Spells              Type           Power      Damage    Failure   Level
a - Magic Dart            Conj           72%        1d6       2%          1

Your spell library contained the following spells:

 Spells                   Type           Power      Damage    Failure   Level
 Searing Ray              Conj           36%        2d5       4%          2
 Momentum Strike          Conj/Tloc      20%        3d8       11%         2
 Dazzling Flash           Conj/Hex       20%        N/A       21%         3
 Blink                    Tloc           4%         N/A       24%         2
 Lesser Beckoning         Tloc           4%         N/A       24%         2
 Fulminant Prism          Conj/Hex       5%         3d7       56%         4
 Iskenderun's Mystic Bla  Conj/Tloc      10%        2d4       56%         4


Dungeon Overview and Level Annotations

Branches:
Dungeon (1/15)

Altars:


Innate Abilities, Weirdness & Mutations

You have a pair of small antennae on your head.


Message History

You hit the dart slug but do no damage.
The dart slug is severely wounded.
The dart slug closely misses you.
You hit the dart slug.
The dart slug is almost dead.
The dart slug bites you but does no damage.
You hit the dart slug but do no damage.
The dart slug is almost dead.
You hit the dart slug but do no damage.
The dart slug is almost dead.
The dart slug launches a dart at you. The slug dart misses you.
You hit the dart slug but do no damage.
The dart slug is almost dead.
The dart slug launches a dart at you. The slug dart hits you.
You are too injured to fight recklessly!
You are too injured to fight recklessly!
You hit the dart slug but do no damage.
The dart slug is almost dead.
You hit the dart slug but do no damage.
The dart slug is almost dead.
The dart slug barely misses you.
You hit the dart slug but do no damage.
The dart slug is almost dead.
The dart slug completely misses you.
You hit the dart slug but do no damage.
The dart slug is almost dead.
The dart slug launches a dart at you. The slug dart misses you.
You hit the dart slug.
The dart slug is almost dead.
You hit the dart slug.
You kill the dart slug!
You have reached level 2!
Your demonic ancestry asserts itself...
A pair of antennae grows on your head!
There is an open door here.
There is a staircase leading out of the dungeon here.
You have escaped!

.........# #...##..# #.#
.........######...##..# #.#
......†.....#.#'####..# #.#
.........##.....####..# #.#
.........#####.....##'######.#
.........# ##.......#......#
.........# ####'#.....#######
.........# #....#'#...# ..
.....>...### #@...+.###.# ###
.............##########.# #..
......#.......# #.#
#........## #.# #...###.#####
#.# #...# #.....# #.#
#.##...######### #.#
#.............. #.#
######.######### #.#


There were no monsters in sight!

Vanquished Creatures
  A dart slug (D:1)
  A ball python (D:1)
  A hobgoblin (D:1)
  A quokka (D:1)
  A frilled lizard (D:1)
  A kobold (D:1)
  A rat (D:1)
7 creatures vanquished.

Notes
Turn   | Place    | Note
-------+----------+-------------------------------------------
     0 | D:1      | Essalna the Demonspawn Conjurer began the quest for the
                  | Orb.
     0 | D:1      | Reached XP level 1. HP: 13/13 MP: 3/3
   503 | D:1      | Gained mutation: You have a pair of small antennae on your
                  | head. [demonic ancestry]
   503 | D:1      | Reached XP level 2. HP: 14/19 MP: 1/5
   517 | D:$      | Got out of the dungeon alive.

Illustrated notes

Levels and vault maps discovered:
D:1:      dpeg_arrival_short_road, layout_basic

Action                     || total
---------------------------++-------
  Melee: Unarmed           ||    11
   Cast: Magic Dart        ||    11
 Armour: Robe              ||     3
  Dodge: Dodged            ||     7

Table legend: (Time is in decaauts)
 A = Elapsed time spent in this place.
 B = Non-inter-level travel time spent in this place.
 C = Inter-level travel time spent in this place.
 D = Time resting spent in this place.
 E = Time spent auto-exploring this place.
 F = Levels seen in this place.
 G = Mean time per level.
                   A        B        C        D        E       F      G
               +--------+--------+--------+--------+--------+-----+--------+
         Total |    517 |    504 |     13 |      0 |    463 |   1 |  517.0 |
       Dungeon |    517 |    504 |     13 |      0 |    463 |   1 |  517.0 |
               +--------+--------+--------+--------+--------+-----+--------+

Top non-repeatable levels by time:
     D:1: 517 daAuts
